AoeStats
← Dupond

Arabia

503225477Analyzed
1v1 RM · 1mo ago on Aug 30, 2026· 26m 14s· 2 players
Game mode
Random Map
Map size
Tiny (2 player)
Population
200
Speed
Normal
Resources
Standard
Victory
Conquest
Starting age
Dark Age
Ending age
Imperial Age
RankedLock teamsTeams togetherTeam positionsShared explorationLock speedFull tech treeHidden civsTurbo modeCheats
Victory
Defeat
🇩🇪 Inca · Germany
666
+34
🇫🇷 Burgundians · France
687
-17
magge
7:45 Loom
14:04 Feudal Age
15:12 Champi Runner
Dupond
8:17 Loom
10:28 Feudal Age
8:58 Double-Bit Axe
8:59 Horse Collar
23:30 Man-at-Arms
Connection lost

Rejoining the realm…

Still unreachable

The connection could not be restored.

Session expired

The server has moved on; the page needs a fresh start.